 Dungeon Crawl Stone Soup version 0.14-a0-1097-gc7db7fc (webtiles) character file.

459 Psiweapon the Skirmisher (level 5, -11/42 HPs)
             Began as a Mummy Fighter on Nov 27, 2013.
             Killed by divine providence
             ... invoked by an orc priest
              (14 damage)
             ... on Level 3 of the Dungeon.
             The game lasted 00:10:15 (2518 turns).

Psiweapon the Skirmisher (Mummy Fighter)            Turns: 2518, Time: 00:10:15

HP -11/42        AC  9     Str 20      XL: 5   Next: 89%
MP   4/4         EV  6     Int  7      God:
Gold 207         SH 18     Dex 11      Spells:  0 memorised,  4 levels left

rFire  x . .     SeeInvis .     e - +1,+2 mace
rCold  + . .     Clarity  .     o - +0 scale mail
rNeg   + + +     Conserve .     c - +0 shield
rPois  +         rCorr    .     (no helmet)
rElec  .         rRot     +     (no cloak)
SustAb . .       Spirit   .     (no gloves)
rMut   .         Warding  +     (no boots)
Saprov . . .     Stasis   .     a - amulet of warding
                                (no ring)
                                d - +3 ring of protection

@: slightly resistant to hostile enchantments, extremely unstealthy
A: no food or potions, fire vulnerability, restore body, cold resistance 1, life
protection 3, poison resistance, torment resistance, unbreathing
a: no special abilities


You were on level 3 of the Dungeon.
You were not hungry.

You visited 1 branch of the dungeon, and saw 4 of its levels.

You collected 207 gold pieces.

Inventory:

Hand weapons
 e - a +1,+2 mace (weapon)
 m - a +0,+1 long sword
 q - a +1,+2 dwarven dagger of chaos
 u - a +1,+2 dwarven dagger of chaos
Missiles
 f - 5 javelins (quivered)
Armour
 c - a +0 shield (worn)
 o - a +0 scale mail (worn)
Scrolls
 b - a scroll of random uselessness {unknown}
 g - 3 scrolls of fog
 h - 2 scrolls of remove curse
 i - 2 scrolls of curse jewellery
 k - a scroll of enchant weapon I {unknown}
 l - a scroll of amnesia {unknown}
 n - a scroll of noise {unknown}
 p - 2 scrolls of teleportation {unknown}
 s - a scroll of blinking {unknown}
 t - 2 scrolls of magic mapping {unknown}
 v - a scroll of fear {unknown}
 w - a scroll of enchant armour {unknown}
Jewellery
 a - an amulet of warding (around neck)
 d - a +3 ring of protection (left hand)
 j - an uncursed ring of flight
 r - an uncursed ring of flight


   Skills:
 + Level 4.2 Fighting
 + Level 2.6 Maces & Flails
 + Level 3.5 Armour
 + Level 3.5 Shields


You had 4 spell levels left.
You didn't know any spells.

Dungeon Overview and Level Annotations

Branches:
Dungeon (4/16)
 Temple: D:4-7

Altars:
Xom
Zin


Innate Abilities, Weirdness & Mutations

You do not eat or drink.
Your flesh is vulnerable to fire.
Your flesh is cold resistant.
You are immune to negative energy.
Your system is resistant to poisons.
You are immune to unholy pain and torment.
You can survive without breathing.


Message History

You throw a javelin. The orc priest blocks the javelin.
You hit the orc priest.
The orc priest is lightly wounded.
The orc priest invokes the aid of Beogh against you.
Something smites you!
* * * LOW HITPOINT WARNING * * *
Unknown command.
You hit the orc priest but do no damage.
The orc priest is lightly wounded.
The orc priest mumbles some strange prayers to Beogh against you.
You are unaffected.
You barely miss the orc priest.
The orc priest is lightly wounded.
The orc priest hits you but does no damage.
Your scale mail prevents you from hitting the orc priest.
The orc priest is lightly wounded.
The orc priest looks braver.
The orc priest invokes the aid of Beogh against you.
Something smites you!
You die...

#......... #.# #.#.#
#.......#'##%#####.#.####
+.......>)...............
#.......(.#........#...%.
#............####)##.####
####....(.#.#####.##.# #
#.....##.###<#.##.####
#....o##.##....##.....
#....@##..+....+......
#####)##.##....######.
#.##.#####.# #. #.# # #.#
#. #.# #.# #. #.# ### #.
#.# #. #.# ##### ## #.#
#...# #######


You could see an orc priest.

Vanquished Creatures
  A giant frog (D:4)
  The ghost of timbw the Cudgeler, a weakling TrFi (D:3)
  6 adders
  4 gnolls (D:3)
  3 worms (D:3)
  2 oozes
  4 orcs (D:3)
  3 giant cockroaches
  7 hobgoblins
  4 jackals (D:1)
  7 bats
  2 giant geckos (D:2)
  7 giant newts
  7 goblins
  8 kobolds
  7 rats
73 creatures vanquished.

Notes
Turn   | Place    | Note
--------------------------------------------------------------
     0 | D:1      | Psiweapon, the Mummy Fighter, began the quest for the Orb.
     0 | D:1      | Reached XP level 1. HP: 18/18 MP: 0/0
    38 | D:2      | Reached XP level 2. HP: 21/24 MP: 1/1
   223 | D:1      | Reached XP level 3. HP: 26/30 MP: 2/2
  1129 | D:2      | Reached XP level 4. HP: 36/36 MP: 3/3
  1391 | D:2      | Noticed an angel
  1392 | D:2      | Found a glowing silver altar of Zin.
  1539 | D:4      | Noticed a giant frog
  1554 | D:4      | Killed a giant frog
  1554 | D:4      | Reached XP level 5. HP: 38/42 MP: 4/4
  1817 | D:3      | Noticed timbw's ghost (weakling TrFi)
  1826 | D:3      | Reached skill level 4 in Fighting
  1836 | D:3      | Killed timbw's ghost
  2408 | D:3      | Found a shimmering altar of Xom.
  2515 | D:3      | HP: 2/42 [orc priest/divine providence (13)]
  2518 | D:3      | Killed from afar by an orc priest

Action                   |  1- 3 |  4- 6 || total
-------------------------+-------+-------++-------
Melee: Mace              |   108 |   131 ||   239
Throw: Javelin           |     2 |    15 ||    17
  Use: Scroll            |     3 |     1 ||     4
 Stab: Invisible         |       |     3 ||     3
